AoeStats
← Snobyman

Arena

509061041Analyzed
4v4 RM · 8d ago on Sep 25, 2026· 38m 53s· 8 players
Game mode
Random Map
Map size
Large (8 player)
Population
200
Speed
Normal
Resources
Standard
Victory
Conquest
Starting age
Dark Age
Ending age
Imperial Age
RankedLock teamsTeams togetherTeam positionsShared explorationLock speedFull tech treeHidden civsTurbo modeCheats
Victory
Defeat
🇮🇳 Franks · India
581
+19
🇨🇳 Wei · China
428
+24
🇦🇺 Khmer · Australia
417
+25
🇳🇴 Cumans · Norway
344
+27
🇹🇷 Turks · Türkiye
681
-25
🇫🇷 Persians · France
644
-24
🇺🇸 Khmer · United States
593
-23
🇷🇴 Celts · Romania
592
-23
Elite Savage
11:07 Feudal Age
11:48 Horse Collar
11:57 Double-Bit Axe
14:54 Castle Age
14:23 Wheelbarrow
15:50 Bow Saw
15:41 Heavy Plow
23:21 Hand Cart
23:07 Gold Mining
23:02 Treadmill Crane
23:35 Stone Mining
23:47 Loom
24:45 Gold Shaft Mining
28:07 Imperial Age
26:03 Bloodlines
25:53 Husbandry
26:28 Husbandry
27:31 Stone Shaft Mining
27:18 Forging
27:13 Scale Barding Armor
28:06 Devotion
28:11 Tuntian
28:49 Iron Casting
29:25 Chain Barding Armor
28:58 Town Watch
29:43 Crop Rotation
28:44 Heavy Hei Guang Cavalry
29:58 Conscription
33:12 Ming Guang Armor
32:49 Fletching
34:01 Blast Furnace
33:58 Ballistics
34:39 Chemistry
33:52 Fletching
34:11 Elite Tiger Cavalry
35:24 Bodkin Arrow
37:17 Bracer
Snobyman
0:44 Loom
16:08 Feudal Age
18:01 Gold Mining
18:01 Stone Mining
17:59 Horse Collar
18:08 Double-Bit Axe
19:27 Wheelbarrow
24:40 Castle Age
26:39 Hand Cart
27:08 Gold Shaft Mining
27:09 Stone Shaft Mining
26:50 Bow Saw
26:44 Heavy Plow
26:51 Caravan
33:12 Imperial Age
32:48 Coinage
34:23 Scale Barding Armor
34:19 Scale Mail Armor
34:29 Forging
34:44 Ballistics
36:10 Crop Rotation
37:36 Hoardings
36:35 Sappers
Asmo
8:34 Loom
11:48 Feudal Age
16:27 Castle Age
24:29 Imperial Age
24:22 Scale Barding Armor
24:29 Forging
24:43 Double-Bit Axe
27:08 Bow Saw
32:50 Caravan
36:20 Cavalier
Varg_1960
6:31 Loom
12:04 Feudal Age
18:23 Double-Bit Axe
18:35 Gold Mining
19:05 Man-at-Arms
30:56 Castle Age
Dmitry Petrovich
17:57 Loom
19:43 Feudal Age
24:25 Wheelbarrow
23:36 Town Watch
23:38 Double-Bit Axe
23:36 Horse Collar
23:49 Stone Mining
23:53 Gold Mining
25:21 Fletching
25:32 Padded Archer Armor
25:43 Forging
25:33 Scale Mail Armor
25:39 Scale Barding Armor
27:38 Castle Age
28:47 Hand Cart
28:33 Town Patrol
28:35 Heavy Plow
28:35 Bodkin Arrow
28:56 Leather Archer Armor
29:51 Bow Saw
30:21 Gold Shaft Mining
33:28 Fortified Wall
33:30 Masonry
33:41 Ballistics
Longbowhemian Rhapsody
0:34 Loom
9:27 Feudal Age
11:19 Horse Collar
12:55 Double-Bit Axe
19:13 Castle Age
19:05 Forging
19:04 Scale Barding Armor
27:06 Husbandry
29:51 Bloodlines
30:12 Bow Saw
33:04 Chain Barding Armor
33:48 Heavy Plow
33:40 Gold Mining
TOP G Bogza
2:32 Loom
11:03 Feudal Age
11:29 Double-Bit Axe
13:01 Horse Collar
14:00 Wheelbarrow
13:35 Town Watch
21:09 Stone Mining
21:09 Gold Mining
22:04 Scale Barding Armor
26:04 Castle Age
26:36 Pikeman
28:00 Light Cavalry
29:06 Bow Saw
34:32 Elite Skirmisher
37:27 Heavy Plow
z.chart12
10:25 Feudal Age
10:51 Double-Bit Axe
11:21 Horse Collar
19:04 Castle Age
20:04 Heavy Plow
20:18 Bow Saw
21:40 Stone Mining
21:41 Gold Mining
23:46 Gold Shaft Mining
35:12 Imperial Age
33:21 Wheelbarrow
32:34 Loom
35:55 Murder Holes
36:07 Siege Engineers
36:24 Ballistics
35:42 Pikeman
Connection lost

Rejoining the realm…

Still unreachable

The connection could not be restored.

Session expired

The server has moved on; the page needs a fresh start.